 Dungeon Crawl Stone Soup version 0.19.5 (webtiles) character file.

23 Disthyme the Sneak (level 2, -3/22 HPs)
             Began as a Naga Enchanter on Apr 28, 2017.
             Slain by a worm (9 damage)
             ... on level 2 of the Dungeon.
             The game lasted 00:03:06 (1310 turns).

Disthyme the Sneak (Naga Enchanter)                 Turns: 1310, Time: 00:03:07

Health: -3/22      AC:  2    Str: 10    XL:     2   Next: 95%
Magic:  1/5        EV: 10    Int: 15    God:
Gold:   62         SH:  0    Dex: 11    Spells: 2 memorised, 2 levels left

rFire  . . .     SeeInvis +     l - +0 mace
rCold  . . .     Gourm    .     b - +1 robe
rNeg   . . .     Faith    .     (no shield)
rPois  +         Spirit   .     (helmet restricted)
rElec  .         Reflect  .     (no cloak)
rCorr  .         Harm     .     (no gloves)
MR     .....                    (no barding)
Stlth  +++.......               (no amulet)
                                (no ring)
                                (no ring)

@: very slow
A: horns 2, see invisible, deformed body, poison resistance, slowness 2, slow
metabolism 1, spit poison 1, MP-powered wands, AC +0
a: Spit Poison


You were on level 2 of the Dungeon.
You were very hungry.

You visited 1 branch of the dungeon, and saw 2 of its levels.

You collected 62 gold pieces.

Inventory:

Hand Weapons
 a - a +1 dagger
 l - a +0 mace (weapon)
Armour
 b - a +1 robe (worn)
Jewellery
 e - an uncursed ring of resist corrosion {unknown}
 m - a cursed ring of teleportation {unknown}
 n - an uncursed ring of protection from fire {unknown}
Scrolls
 h - a scroll of recharging {unknown}
 i - a scroll of teleportation {unknown}
Potions
 g - 2 potions of haste {unknown}
Books
 c - a book of Maledictions

   Spells                             Type                      Level
   a - Corona                         Hexes                        1
   b - Ensorcelled Hibernation        Hexes/Ice                    2
   c - Confuse                        Hexes                        3
   d - Tukima's Dance                 Hexes                        3
   e - Dazzling Spray                 Conjuration/Hexes            3
Comestibles
 d - a bread ration
 j - a beef jerky
 k - a meat ration


   Skills:
 - Level 1.0 Short Blades
 * Level 1.0 Maces & Flails
 - Level 1.6 Dodging
 + Level 4.8 Stealth
 - Level 2.1 Spellcasting
 - Level 3.4 Hexes


You had 2 spell levels left.
You knew the following spells:

 Your Spells              Type           Power        Failure   Level  Hunger
a - Corona                Hex            ##.....      8%          1    #......
b - Ensorcelled Hibernat  Hex/Ice        #.....       17%         2    ###....


Dungeon Overview and Level Annotations

Branches:
Dungeon (2/15)

Altars:


Innate Abilities, Weirdness & Mutations

You cannot wear boots.
Your serpentine skin is tough. (AC +0)
You have supernaturally acute eyesight. (SInv)
Armour fits poorly on your strangely shaped body.
Your system is resistant to poisons. (rPois)
You cover ground very slowly.
You have a slow metabolism.
You can spit poison.
You have a pair of horns on your head.
You expend magic power (3 MP) to strengthen your wands.


Message History

It was a potion of mutation.
You feel extremely strange. A pair of horns grows on your head!
You feel your magical essence link to your wands.
The horns on your head grow some more.
Casting: Ensorcelled Hibernation
Confirm with . or Enter, or press ? or * to list all spells.
Aiming: Ensorcelled Hibernation
Press: ? - help, Shift-Dir - straight line, f/p - worm
Aim: a worm (chance to defeat MR: 47%)
The worm resists with some effort.
Unknown command.
Casting: Ensorcelled Hibernation
Confirm with . or Enter, or press ? or * to list all spells.
Aiming: Ensorcelled Hibernation
Press: ? - help, Shift-Dir - straight line, f/p - worm
Aim: a worm (chance to defeat MR: 47%)
The worm looks drowsy...
Unknown command.
The worm bites you!
You die...

#...w............(
#.################
#.# #.# #.# #.#
#.# #w# #@#
#.###### #....<.#
######.# #†# #.#
#.# #.# #.#


You could see a worm.

Vanquished Creatures
  2 dart slugs (D:1)
  A leopard gecko (D:1)
  3 giant cockroaches (D:1)
  A hobgoblin (D:1)
  3 bats (D:1)
  2 frilled lizards
  2 goblins
  3 kobolds (D:1)
  2 rats (D:1)
19 creatures vanquished.

Notes
Turn   | Place    | Note
-------+----------+-------------------------------------------
     0 | D:1      | Disthyme the Naga Enchanter began the quest for the Orb.
     0 | D:1      | Reached XP level 1. HP: 15/15 MP: 3/3
   580 | D:1      | Reached XP level 2. HP: 22/22 MP: 5/5
   631 | D:1      | Learned a level 2 spell: Ensorcelled Hibernation
  1064 | D:2      | Reached skill level 1 in Maces & Flails
  1291 | D:2      | Gained mutation: You have a pair of small horns on your head. [potion of mutation]
  1291 | D:2      | Gained mutation: You expend magic power (3 MP) to strengthen your wands. [potion of mutation]
  1291 | D:2      | Gained mutation: You have a pair of horns on your head. [potion of mutation]
  1310 | D:2      | Slain by a worm

Skill      XL: |  1  2 |
---------------+-------+-----
Maces & Flails | 1 |  1.0
Short Blades   | |  1.0
Dodging        | |  1.6
Stealth        | |  4.8
Spellcasting   | |  2.1
Hexes          | |  3.4

Action                   || total
-------------------------++-------
Melee: Dagger            ||    37
       Mace              ||    20
 Cast: Ensorcelled Hiber ||     6
 Abil: Spit Poison       ||     1
  Use: Potion            ||     1
 Stab: Sleeping          ||     8
Armor: Robe              ||    15
Dodge: Dodged            ||    25
